 Dungeon Crawl Stone Soup version 0.29.1-4-g47bece8355 (webtiles) character file.

Game seed: 14696890914399235973

325 Peloso the Slasher (level 6, 0/53 HPs)
             Began as a Minotaur Fighter on Dec 7, 2022.
             Slain by an orc
             ... wielding a +3 whip
              (5 damage)
             ... on level 4 of the Dungeon.
             The game lasted 00:05:50 (4000 turns).

Peloso the Slasher (Minotaur Fighter)               Turns: 4000, Time: 00:05:50

Health: 0/53       AC:  9    Str: 20    XL:     6   Next: 24%
Magic:  5/5        EV:  7    Int:  5    God:
Gold:   223        SH:  5    Dex: 12    Spells: 5/5 levels left

rFire   . . .      SeeInvis .   a - +0 long sword
rCold   . . .      Faith    .   r - +0 buckler
rNeg    . . .      Spirit   .   o - +0 chain mail
rPois   .          Reflect  .   (helmet restricted)
rElec   .          Harm     .   (no cloak)
rCorr   .          Rampage  .   (no gloves)
Will    .....                   (no boots)
Stlth   ..........              (no amulet)
HPRegen 0.17/turn               (no ring)
MPRegen 0.09/turn               (no ring)

@: studying Short Blades
A: horns 2, retaliatory headbutt
a: no special abilities


You were on level 4 of the Dungeon.
You visited 1 branch of the dungeon, and saw 4 of its levels.

You collected 223 gold pieces.

Inventory:

Hand Weapons
 a - a +0 long sword (weapon)
 b - the +4 flail of Mutilation {elec, Will- Str+2 Dex+5}
   (You found it on level 3 of the Dungeon)

   It occasionally discharges a powerful burst of electricity upon striking a
   foe.
   Str:       It affects your strength (+2).
   Dex:       It affects your dexterity (+5).
   Will:      It decreases your willpower.
 c - a +2 sling of flaming
Missiles
 f - 2 throwing nets (quivered)
Armour
 o - a +0 chain mail (worn)
 r - a +0 buckler (worn)
Jewellery
 n - an amulet of magic regeneration
 y - the ring "Foahatzeg" {Ice rCorr}
   (You found it on level 4 of the Dungeon)

   [ring of ice]

   It enhances your ice magic.
   rF:        It makes you vulnerable to fire.
   rC:        It protects you from cold.
   rCorr:     It protects you from acid and corrosion.
Wands
 t - a wand of quicksilver (3)
 w - a wand of roots (13)
Scrolls
 e - a scroll of blinking
 g - a scroll of immolation
 h - 2 scrolls of butterflies {unknown}
 i - a scroll of enchant armour {unknown}
 j - a scroll of vulnerability {unknown}
 k - 2 scrolls of summoning {unknown}
 l - a scroll of brand weapon {unknown}
 m - a scroll of amnesia {unknown}
 p - a scroll of enchant weapon {unknown}
 q - a scroll of magic mapping {unknown}
 s - 2 scrolls of noise {unknown}
 v - a scroll of teleportation {unknown}
Potions
 d - 2 potions of might
 u - 2 potions of berserk rage {unknown}
 x - a potion of mutation
 z - 2 potions of invisibility {unknown}


   Skills:
 + Level 4.6 Fighting
 + Level 5.8 Long Blades
 + Level 4.9 Armour
 + Level 0.6 Dodging
 + Level 0.3 Stealth
 + Level 4.3 Shields
 + Level 0.7 Evocations


You had 5 spell levels left.
You didn't know any spells.
Your spell library was empty.

Dungeon Overview and Level Annotations

Branches:
Dungeon (4/15)
 Temple: D:4-7

Altars:

Shops:
D:4 [


Innate Abilities, Weirdness & Mutations

You have a pair of horns on your head.
You reflexively headbutt those who attack you in melee.


Message History

Aim: Eustachio, wielding a +0 rapier and wearing a +0 leather armour (severely wounded, 60% to hit)
The bolt of dispelling energy hits Eustachio!
You kill Eustachio!
You have reached level 6!
Things that are here:
a +0 rapier; a +0 leather armour You now have 223 gold pieces (gained 10).
Found a leather armour.
Found a stone staircase leading up.
An orc comes into view. It is wielding a +0 whip.
The orc moves out of view.
y - the ring "Foahatzeg" {Ice rCorr} An orc is nearby!
An orc comes into view. It is wielding a +0 flail.
The orc shouts!
You hear a shout!
An orc comes into view. It is wielding a +3 whip.
There is a stone staircase leading up here.
The orc shouts!
You slash the orc!
You kill the orc!
An orc priest comes into view. It is wielding a +0 club.
An orc priest comes into view. It is wielding a +1 vorpal war axe.
Things that are here:
a +0 whip; 8 gold pieces; an orc corpse The orc priest shouts!
The orc attacks as you move away! The orc hits you with a +3 whip.
The orc priest attacks as you move away!
The orc priest hits you but does no damage.
The orc priest invokes the aid of Beogh against you.
Beogh smites you!
The orc priest invokes the aid of Beogh against you.
Beogh smites you!
Things that are here:
a +0 whip; 8 gold pieces; an orc corpse The orc priest calls down the wrath of Beogh upon you.
Beogh smites you!
* * * LOW HITPOINT WARNING * * *
There is a stone staircase leading up here.
The orc hits you with a +3 whip.
You die...

#######.# #.# ### #.#
.....##.####### #
#..........# .#
#####....#... ##.# #
####.#### ... ...
#....#####.#.....
####[.@oo.o......
#.........o..#.....
#########.#######.#.##
###
#..............##...#
..#######...##......#
...#######........###
##...............##
####.###++####...#
)....# ##..#


You could see 2 orc priests and 2 orcs.

Vanquished Creatures
  Eustachio (D:4)
  Ijyb (D:3)
  Robin (D:2)
  5 adders
  4 worms
  2 dart slugs (D:3)
  3 orcs
  9 endoplasms
  4 giant cockroaches
  12 goblins
  9 hobgoblins
  2 jackals (D:3)
  6 kobolds
  5 quokkas
  6 ball pythons
  4 bats
  6 frilled lizards
  4 rats
84 creatures vanquished.

Vanquished Creatures (others)
  A fungus (D:1)
1 creature vanquished.

Grand Total: 85 creatures vanquished

Notes
Turn   | Place    | Note
-------+----------+-------------------------------------------
     0 | D:1      | Peloso the Minotaur Fighter began the quest for the Orb.
     0 | D:1      | Reached XP level 1. HP: 19/19 MP: 0/0
   443 | D:1      | Reached XP level 2. HP: 27/27 MP: 1/1
   634 | D:1      | Found a faded altar of an unknown god.
  1932 | D:2      | Reached skill level 3 in Long Blades
  1932 | D:2      | Reached XP level 3. HP: 24/33 MP: 2/2
  2155 | D:2      | Noticed Robin
  2163 | D:2      | Killed Robin
  2534 | D:2      | Reached XP level 4. HP: 40/40 MP: 3/3
  2734 | D:3      | Noticed Ijyb
  2737 | D:3      | Killed Ijyb
  2798 | D:3      | Reached skill level 4 in Long Blades
  3307 | D:3      | Reached XP level 5. HP: 43/46 MP: 4/4
  3371 | D:3      | Identified the +4 flail of Mutilation {elec, Will- Str+2
                  | Dex+5}
  3862 | D:4      | Found Ramn's Antique Armour Boutique.
  3903 | D:4      | Noticed Eustachio
  3909 | D:4      | Reached skill level 5 in Long Blades
  3919 | D:4      | Killed Eustachio
  3920 | D:4      | Reached XP level 6. HP: 44/53 MP: 5/5
  3989 | D:4      | Identified the ring "Foahatzeg" {Ice rCorr}
  4000 | D:4      | Slain by an orc

Illustrated notes

Levels and vault maps discovered:
D:1:      arrival_zaba_pyramid, layout_basic, shapermc_ecumenical_altar_gd
D:2:      layout_loops_ring, uniq_robin
D:3:      minmay_octagon_keep, layout_basic, uniq_ijyb
D:4:      layout_rooms, serial_shops, shop, kennysheep_generic_room_12,
          uniq_eustachio

Skill      XL: |  1  2  3  4  5 |
---------------+----------------+-----
Shields        | 4 |  4.3
Armour         | 4 |  4.9
Fighting       | 4 |  4.6
Long Blades    | 3 4 5 |  5.8
Dodging        | |  0.6
Stealth        | |  0.3
Evocations     | |  0.7

Action                   |  1- 3 |  4- 6 || total
-------------------------+-------+-------++-------
Melee: Long sword        |   100 |    86 ||   186
       Headbutt          |     9 |    17 ||    26
Evoke: Wand              |       |     8 ||     8
  Use: Potion            |     2 |       ||     2
       Scroll            |       |     4 ||     4
Armor: Scale mail        |    38 |       ||    38
       Chain mail        |    24 |    47 ||    71
Dodge: Dodged            |    54 |    31 ||    85
Block: Buckler           |    23 |    23 ||    46
